 Dungeon Crawl Stone Soup version 0.30.1-4-g462c640d31 (webtiles) character file.

Game seed: 18179348260048221369

133 cdecastro the Cudgeller (level 4, 0/38 HPs)
             Began as an Armataur Warper on Aug 10, 2023.
             Was a Follower of Cheibriados.
             Slain by a river rat (7 damage)
             ... in a sewer.
             The game lasted 00:04:22 (2201 turns).

cdecastro the Cudgeller (Armataur Warper)           Turns: 2201, Time: 00:04:23

Health: 0/38       AC:  4    Str: 21    XL:     4   Next: 94%
Magic:  6/6        EV:  9    Int: 17    God:    Cheibriados [*.....]
Gold:   171        SH:  0    Dex: 12    Spells: 6/6 levels left

rFire   . . .        a - +0 mace
rCold   . . .        (no shield)
rNeg    . . .        b - +0 leather armour
rPois   +            (no helmet)
rElec   .            (no cloak)
rCorr   .            (no gloves)
SInv    .            (no barding)
Will    .....        (no amulet)
Stlth   +            k - ring of poison resistance
HPRegen 0.26/turn    (no ring)
MPRegen 0.10/turn

%: roll
@: hasted, quick
A: large, rugged brown scales 3, deformed body, armoured tail, roll, long
tongue, awkward tongue
a: Renounce Religion, Bend Time


You were in a sewer.
You worshipped Cheibriados.
Cheibriados was aware of your devotion.
You visited 1 branch of the dungeon, and saw 4 of its levels.
You also visited: Sewer.

You collected 171 gold pieces.

Inventory:

Hand Weapons
 a - a +0 mace (weapon)
Missiles
 d - 7 boomerangs of dispersal (quivered)
 h - 5 javelins
 v - 2 boomerangs
Armour
 b - a +0 leather armour (worn)
Jewellery
 k - a ring of poison resistance (left hand)
 o - a ring of protection from fire
Scrolls
 c - a scroll of blinking
 e - 4 scrolls of identify {unknown}
 f - a scroll of teleportation {unknown}
 j - a scroll of immolation {unknown}
 q - a scroll of magic mapping {unknown}
 r - a scroll of acquirement {unknown}
Potions
 g - a potion of heal wounds {unknown}
 i - a potion of mutation {unknown}
 l - a potion of ambrosia {unknown}
 m - a potion of might {unknown}
 n - a potion of lignification {unknown}
 p - a potion of invisibility {unknown}
 s - a potion of resistance {unknown}
 t - a potion of haste
 u - 2 potions of cancellation {unknown}


   Skills:
 - Level 1.7 Fighting
 + Level 4.7 Maces & Flails
 - Level 0.8 Throwing
 - Level 1.2 Armour
 - Level 1.3 Dodging
 - Level 1.7 Spellcasting
 - Level 3.0 Translocations


You had 6 spell levels left.
You didn't know any spells.
Your spell library contained the following spells:

 Spells                   Type           Power      Damage    Failure   Level
 Blink                    Tloc           22%        N/A       10%         2
 Lesser Beckoning         Tloc           22%        N/A       10%         2
 Teleport Other           Tloc           11%        N/A       21%         3
 Freeze                   Ice            4%         1d3       22%         1
 Vhi's Electric Charge    Tloc/Air       12%        N/A       36%         3
 Manifold Assault         Tloc           11%        N/A       54%         4
 Frozen Ramparts          Ice            2%         1d1       56%         3
 Hailstorm                Conj/Ice       1%         3d3       56%         3


Dungeon Overview and Level Annotations

Branches:
Dungeon (4/15)              Sewer (1/1)
 Temple: D:4-7

Altars:
Cheibriados
Fedhas
Qazlal
Xom
The Shining One


Innate Abilities, Weirdness & Mutations

You are completely covered in rugged brown scales. (AC +3, +7% HP)
Armour fits poorly on your strangely shaped body.
You have a long armoured tail.
You roll when moving toward enemies. (Rampage)
Your long tongue fully drains potion bottles. (2x potion effects)
Your tongue gives you trouble enunciating. (1.5x scroll delay)


Message History

You miss the adder.
The adder is heavily wounded.
The adder bites you but does no damage. The adder bites you.
You barely miss the adder.
The adder is heavily wounded.
The adder barely misses you. The river rat bites you.
Okay, then.
Unknown command.
You thump the adder!
You kill the adder!
Cheibriados thoroughly appreciates the change of pace.
The river rat barely misses you.
Unknown command.
You closely miss the river rat. The river rat bites you. x2
The rat barely misses you.
Unknown command.
You hit the river rat.
Your tail-slap misses the river rat.
The river rat is moderately wounded.
The river rat bites you.
* * * LOW HITPOINT WARNING * * *
The river rat bites you.
* * * LOW HITPOINT WARNING * * *
The river rat bites you.
* * * LOW HITPOINT WARNING * * *
The river rat barely misses you.
Unknown command.
Okay, then.
Unknown command.
You closely miss the river rat.
Your tail-slap misses the river rat.
The river rat is moderately wounded.
The river rat bites you but does no damage.
The river rat closely misses you. The river rat bites you.
* * * LOW HITPOINT WARNING * * *
The rat bites you.
* * * LOW HITPOINT WARNING * * *
It was a potion of haste.
You feel yourself speed up.
Cheibriados forgives your accidental hurry, just this once.
You slurp down every last drop of the potion of haste!
The river rat bites you!
You die...

#≈~~~~≈#
#≈~~≈≈≈#
#≈~~~≈≈#
#≈~~~≈≈#
#≈≈~≈~≈#
#≈~#~~≈#
#≈≈≈~.≈#
#≈~#~~≈#
#≈@r≈≈≈#
#rrr≈≈≈#
#≈≈~≈≈≈#
#≈~~≈≈≈#
#≈≈~~≈≈#
#≈≈~≈~≈#
#.~~~..#
#......#
......##


You could see 3 river rats and a rat.

Vanquished Creatures
  A hound (D:4)
  3 adders
  3 worms
  2 dart slugs
  An orc (D:3)
  3 bats
  4 endoplasms
  4 giant cockroaches
  3 goblins
  4 hobgoblins
  8 jackals
  A kobold (D:2)
  5 quokkas
  3 ball pythons
  5 frilled lizards
  9 rats
59 creatures vanquished.

Notes
Turn   | Place    | Note
-------+----------+-------------------------------------------
     0 | D:1      | cdecastro the Armataur Warper began the quest for the Orb.
     0 | D:1      | Reached XP level 1. HP: 18/18 MP: 3/3
    24 | D:1      | Reached skill level 2 in Maces & Flails
   138 | D:1      | Reached XP level 2. HP: 23/25 MP: 4/4
   611 | D:1      | Reached skill level 3 in Maces & Flails
   698 | D:2      | Reached XP level 3. HP: 28/31 MP: 5/5
  1493 | D:3      | Reached XP level 4. HP: 31/38 MP: 6/6
  1547 | D:3      | Reached skill level 4 in Maces & Flails
  1643 | D:3      | Found a faded altar of an unknown god.
  1651 | D:3      | Prayed at the altar of an unknown god.
  1651 | D:3      | Became a worshipper of Cheibriados the Contemplative
  1651 | D:3      | Reached * piety under Cheibriados
  1655 | D:3      | Found a shimmering altar of Xom.
  1655 | D:3      | Found a blossoming altar of Fedhas.
  1657 | D:3      | Found a stormy altar of Qazlal.
  1657 | D:3      | Found a glowing golden altar of the Shining One.
  2108 | D:4      | Found a glowing drain.
  2135 | Sewer    | Entered a sewer
  2201 | Sewer    | Slain by a river rat

Illustrated notes

Levels and vault maps discovered:
D:1:      sevenhm_arrival_forest_fort_small_6, layout_rooms
D:2:      layout_rooms
D:3:      layout_basic, chequers_temple_overflow_statue_of_worship,
          dreamdust_ecumenical_altar_statues
D:4:      layout_gridville, gup_sewer_entry_glass, serial_shops, shop_fountains,
          minmay_joined_circles
Sewer:    sewer_minmay_w

Skill      XL: |  1  2  3  4 |
---------------+-------------+-----
Maces & Flails | 2 3 4 |  4.7
Fighting       | |  1.7
Throwing       | |  0.8
Armour         | |  1.2
Dodging        | |  1.3
Spellcasting   | |  1.7
Translocations | |  3.0

Action                     |  1- 3 |  4- 6 || total
---------------------------+-------+-------++-------
  Melee: Mace              |   157 |    52 ||   209
         Tailslap          |    10 |     7 ||    17
         Punch             |     1 |       ||     1
    Use: Potion            |       |     1 ||     1
 Armour: Leather armour    |    57 |    21 ||    78
  Dodge: Dodged            |    84 |    37 ||   121
